 Dungeon Crawl Stone Soup version 0.29.0-4-gdea44cf6ec (webtiles) character file.

Game seed: 9368088377815826368

77 qw the Chopper (level 4, -4/35 HPs)
             Began as a Demonspawn Cinder Acolyte on Sept 9, 2022.
             Was a High Priest of Ignis.
             Slain by a gnoll
             ... wielding a +0 halberd
              (10 damage)
             ... on level 2 of the Dungeon.
             The game lasted 00:00:34 (2006 turns).

qw the Chopper (Demonspawn Cinder Acolyte)          Turns: 2006, Time: 00:00:35

Health: -4/35      AC:  9    Str: 16    XL:     4   Next: 14%
Magic:  5/5        EV: 11    Int: 16    God:    Ignis [*****.]
Gold:   56         SH:  0    Dex:  8    Spells: 5/5 levels left

rFire   + . .      SeeInvis .   Y - -1 hand axe (flame)
rCold   . . .      Faith    .   (no shield)
rNeg    . . .      Spirit   .   b - +0 robe
rPois   .          Reflect  .   (no helmet)
rElec   .          Harm     .   (no cloak)
rCorr   .          Rampage  .   (no gloves)
Will    .....                   (no boots)
Stlth   +.........              (no amulet)
HPRegen 0.11/turn               (no ring)
MPRegen 0.09/turn               (no ring)

@: fiery-armoured
A: demonic guardian 1
a: Renounce Religion, Fiery Armour, Foxfire Swarm, Rising Flame


You were on level 2 of the Dungeon.
You worshipped Ignis.
Ignis was extremely pleased with you.
You visited 1 branch of the dungeon, and saw 2 of its levels.

You collected 56 gold pieces.


Innate Abilities, Weirdness & Mutations

A weak demonic guardian rushes to your aid.


   Skills:
 - Level 3.0 Fighting
 + Level 4.1 Axes
 - Level 1.5 Dodging
 - Level 1.0 Spellcasting
 - Level 2.6 Fire Magic


You had 5 spell levels left.
You didn't know any spells.
Your spell library contained the following spells:

 Spells                   Type           Power      Damage    Failure   Level
 Scorch                   Fire           18%        2d5       12%         2

Inventory:

Hand Weapons
 Y - a -1 hand axe of flaming (weapon)
Armour
 b - a +0 robe (worn)
Potions
 a - a potion of heal wounds {unknown}
 c - a potion of lignification {unknown}
 e - a potion of mutation {unknown}
 f - a potion of might {unknown}
 g - a potion of invisibility {unknown}

Dungeon Overview and Level Annotations

Branches:
Dungeon (2/15)

Altars:


Message History

A gnoll comes into view. It is wielding a +0 club.
1994 ||| Stepping ~*~*~tactically~*~*~ (stealth).
Found a steel ring.
1995 ||| Stepping ~*~*~tactically~*~*~ (stealth).
The gnoll shouts!
You hit the hobgoblin. You burn the hobgoblin.
You kill the hobgoblin!
A gnoll comes into view. It is wielding a +0 halberd.
1998 ||| INVOKING Fiery Armour.
A protective cloak of flame settles atop you.
The gnoll shouts!
You barely miss the gnoll. The gnoll hits you but does no damage.
The gnoll is burned by your cloak of flames.
The gnoll is moderately wounded.
A frilled lizard comes into view.
A gnoll comes into view. It is wielding a +0 halberd.
The gnoll hits you from afar with a +0 halberd!
You barely miss the gnoll.
The gnoll is moderately wounded.
The gnoll shouts!
The frilled lizard hisses angrily.
The gnoll hits you but does no damage.
The gnoll is burned by your cloak of flames.
The gnoll is heavily wounded.
The gnoll closely misses you.
You hit the gnoll. You burn the gnoll.
You kill the gnoll!
The gnoll hits you from afar with a +0 halberd!
You have reached level 4!
You feel clever. The gnoll misses you.
You hit the gnoll but do no damage. The gnoll hits you with a +0 halberd!
A demonic guardian appears!
The gnoll is burned by your cloak of flames.
The gnoll is moderately wounded.
A hobgoblin comes into view.
You barely miss the gnoll.
The gnoll is moderately wounded.
The hobgoblin shouts!
The gnoll hits you with a +0 halberd!
You die...

#### =## ###.#....
....#.##). #........
#.....##.#####.#.#....
#.....................
#...#.#..#####.#.#..#.
#................#..#.
#.#...................
##....5...............
#..gg@................
.....l..)...............
......##...####..#......
............. .....#....
..##..##.######..#.#...
. .. ... ..... .. ##..
#. .## #g.#


You could see 2 gnolls, a hobgoblin, a frilled lizard and a friendly iron imp
(summoned).

Vanquished Creatures
  Jessica (D:2)
  A gnoll (D:2)
  A dart slug (D:1)
  5 endoplasms
  A giant cockroach (D:2)
  4 goblins
  3 hobgoblins
  6 jackals (D:1)
  2 kobolds
  3 ball pythons (D:1)
  2 bats (D:1)
  3 rats (D:1)
32 creatures vanquished.

Vanquished Creatures (collateral kills)
  A ball python (D:1)
  A hobgoblin (D:1)
2 creatures vanquished.

Grand Total: 34 creatures vanquished

Notes
Turn   | Place    | Note
-------+----------+-------------------------------------------
     0 | D:1      | qw the Demonspawn Cinder Acolyte began the quest for the
                  | Orb.
     0 | D:1      | Reached XP level 1. HP: 18/18 MP: 2/2
     0 | D:1      | 0 ||| qw: Version: 0.1-a-113-g051387a
     0 | D:1      | 0 ||| qw: Game counter: 7081
     0 | D:1      | 0 ||| qw: Always use a shield: true
     0 | D:1      | 0 ||| qw: God list: Okawaru
     0 | D:1      | 0 ||| qw: Allow faded altars: false
     0 | D:1      | 0 ||| qw: Do Orc after D:15 true
     0 | D:1      | 0 ||| qw: Do second Lair branch before Depths: true
     0 | D:1      | 0 ||| qw: Lair rune preference: random
     0 | D:1      | 0 ||| qw: Plans: Normal
     0 | D:1      | 0 ||| PLANNING D:1-11
    81 | D:1      | 81 ||| Stepping ~*~*~tactically~*~*~ (stealth).
   103 | D:1      | Reached skill level 3 in Axes
   204 | D:1      | 204 ||| Stepping ~*~*~tactically~*~*~ (hiding).
   213 | D:1      | Gained mutation: A weak demonic guardian rushes to your
                  | aid. [demonic ancestry]
   213 | D:1      | Reached XP level 2. HP: 19/24 MP: 3/3
   358 | D:1      | 358 ||| INVOKING Fiery Armour.
   619 | D:1      | Found a faded altar of an unknown god.
   687 | D:1      | 687 ||| INVOKING Fiery Armour.
  1235 | D:1      | Reached XP level 3. HP: 29/29 MP: 4/4
  1808 | D:1      | 1808 ||| READING scroll labelled ATHISHR PURATS.
  1908 | D:2      | Noticed Jessica
  1913 | D:2      | Reached skill level 4 in Axes
  1918 | D:2      | Killed Jessica
  1919 | D:2      | Reached skill level 1 in Dodging
  1955 | D:2      | 1955 ||| Stepping ~*~*~tactically~*~*~ (stealth).
  1956 | D:2      | 1956 ||| Stepping ~*~*~tactically~*~*~ (stealth).
  1967 | D:2      | 1967 ||| Stepping ~*~*~tactically~*~*~ (stealth).
  1968 | D:2      | 1968 ||| Stepping ~*~*~tactically~*~*~ (stealth).
  1994 | D:2      | 1994 ||| Stepping ~*~*~tactically~*~*~ (stealth).
  1995 | D:2      | 1995 ||| Stepping ~*~*~tactically~*~*~ (stealth).
  1998 | D:2      | 1998 ||| INVOKING Fiery Armour.
  2004 | D:2      | Reached XP level 4. HP: 16/35 MP: 5/5
  2005 | D:2      | HP: 6/35 [gnoll/+0 halberd (10)]
  2006 | D:2      | Slain by a gnoll

Levels and vault maps discovered:
D:1:      enne_arrival_octagon_isle, layout_basic,
          chequers_ecumenical_altar_twisty, st_stairs_6, nrook_uturn
D:2:      layout_basic, serial_shops, nicolae_shop_advertising_works
          [nicolae_subvault_shop_adworks], minmay_tetromino_o2, uniq_jessica

Skill      XL: |  1  2  3 |
---------------+----------+-----
Axes           | 3 4 |  4.1
Dodging        | 1 |  1.5
Fighting       | |  3.0
Spellcasting   | |  1.0
Fire Magic     | |  2.6

Action                   |  1- 3 |  4- 6 || total
-------------------------+-------+-------++-------
Melee: Hand axe          |   105 |     2 ||   107
Invok: Fiery Armour      |     3 |       ||     3
  Use: Scroll            |     1 |       ||     1
Armor: Robe              |    28 |       ||    28
Dodge: Dodged            |    70 |     1 ||    71

Table legend:
 A = Non-vault XP
 B = Vault XP
 C = Vault XP percentage of total XP
 D = Non-vault monster count
 E = Vault monster count
 F = Vault count percentage of total count
                 A         B        C        D         E       F
            +---------+---------+-------+---------+---------+-------
      Total |      68 |      43 |  38.7 |      30 |       4 |  11.8
            +---------+---------+-------+---------+---------+-------
        D:1 |      44 |       4 |   8.3 |      24 |       2 |   7.7
        D:2 |      24 |      39 |  61.9 |       6 |       2 |  25.0
            +---------+---------+-------+---------+---------+-------
